 Dungeon Crawl Stone Soup version 0.24-a0-235-g3f03afc (webtiles) character file.

Game seed: 350485132524079334

228 Partyfoot the Shooter (level 5, -4/46 HPs)
             Began as a Centaur Hunter on Apr 7, 2019.
             Slain by Grinder (10 damage)
             ... on level 4 of the Dungeon.
             The game lasted 00:13:18 (4079 turns).

Partyfoot the Shooter (Centaur Hunter)              Turns: 4079, Time: 00:13:19

Health: -4/46      AC:  5    Str: 14    XL:     5   Next: 70%
Magic:  5/5        EV: 10    Int: 10    God:
Gold:   168        SH:  0    Dex: 11    Spells: 2/4 levels left

rFire    . . .     SeeInvis .   a - +1 shortbow
rCold    . . .     Gourm    .   (shield currently unavailable)
rNeg     . . .     Faith    .   h - +0 leather armour {MR+}
rPois    .         Spirit   .   (no helmet)
rElec    .         Reflect  .   q - +0 cloak
rCorr    .         Harm     .   (no gloves)
MR       +....                  (no barding)
Stlth    +.........             (no amulet)
HPRegen  0.15/turn              (no ring)
MPRegen  0.09/turn              (no ring)

@: very quick
A: large, hooves 3, deformed body, speed 2, tough skin 3
a: no special abilities


You were on level 4 of the Dungeon.
You were not hungry.

You visited 1 branch of the dungeon, and saw 4 of its levels.

You collected 168 gold pieces.

Inventory:

Hand Weapons
 a - a +1 shortbow (weapon)
 b - a +0 quarterstaff
 x - a +0 short sword
Missiles
 d - 17 arrows (quivered)
 g - 8 javelins of returning
 i - 5 tomahawks of returning
Armour
 c - a +0 leather armour
 h - a +0 leather armour of magic resistance (worn)
 q - a +0 cloak (worn)
Jewellery
 o - a cursed -5 ring of slaying {unknown}
Wands
 j - a wand of enslavement (5)
Scrolls
 e - 2 scrolls of magic mapping {unknown}
 m - 3 scrolls of identify {unknown}
 p - a scroll of teleportation {unknown}
 r - a scroll of enchant armour {unknown}
 s - a scroll of fog {unknown}
 w - a scroll of immolation {unknown}
Potions
 k - a potion of resistance {unknown}
 l - a potion of heal wounds {unknown}
 n - a potion of berserk rage {unknown}
 t - a potion of haste
 u - a potion of brilliance {unknown}
Comestibles
 f - 8 rations
 v - 2 chunks of flesh


   Skills:
 + Level 3.8 Fighting
 + Level 6.9 Bows
 + Level 2.8 Dodging
 - Level 0.4 Stealth


You had 2 spell levels left.
You knew the following spells:

 Your Spells              Type           Power        Failure   Level  Hunger
a - Blink                 Tloc           N/A          58%         2    ###....

Your spell library contained the following spells:

 Spells                   Type           Power        Failure   Level  Hunger
 Magic Dart               Conj           #...         43%         1    ##.....
 Call Imp                 Summ           #.......     58%         2    ###....
 Slow                     Hex            #.......     58%         2    ###....
 Conjure Flame            Conj/Fire      #.......     82%         3    ####...
 Mephitic Cloud           Conj/Pois/Air  #.......     82%         3    ####...


Dungeon Overview and Level Annotations

Branches:
Dungeon (4/15)
 Temple: D:4-7

Altars:
Elyvilon
Gozag
Nemelex Xobeh
Qazlal
Ru
Wu Jian
The Shining One

Shops:
D:4 =

Annotations:
D:3 3 runed translucent doors, Ivan's ghost, weakling DsAK
D:4 Grinder


Innate Abilities, Weirdness & Mutations

You have hooves in place of feet.
Armour fits poorly on your strangely shaped body.
You cover ground very quickly.
You have extremely tough skin. (AC +3)


Message History

Grinder is severely wounded.
Grinder hits you!
You writhe in agony.
Grinder closely misses you.
You are too injured to fight recklessly!
You are too injured to fight recklessly!
You are too injured to fight recklessly!
You are too injured to fight recklessly!
Firing (i - inventory. (/) - cycle)
d - 19 arrows (quivered)
Press: ? - help, Shift-Dir - straight line, f/p - Grinder
Aim: Grinder (heavily wounded, fast)
You shoot an arrow. The arrow closely misses Grinder.
Grinder hits you!
* * * LOW HITPOINT WARNING * * *
You writhe in agony.
* * * LOW HITPOINT WARNING * * *
Firing (i - inventory. (/) - cycle)
d - 18 arrows (quivered)
Press: ? - help, Shift-Dir - straight line, f/p - Grinder
Aim: Grinder (heavily wounded, fast)
You shoot an arrow. The arrow hits Grinder!
Grinder is almost dead.
Grinder hits you!
You die...

### #########
##.###.<.....#
#####...##.#####(#
...............#.##
####...<##.###.#@.#
#.....##.# ##5#
##...###.# #...(.#
##.## #.. #...8...#
#.# ####.|.......#
#.# #.⌠._._.⌠(#
##+## #.........#
##...## ##...8...##
##>....## ##....(##


You could see Grinder.

Vanquished Creatures
  A bullfrog (D:3)
  9 adders
  2 worms (D:2)
  A dart slug (D:1)
  2 leopard geckos
  An orc (D:3)
  3 giant cockroaches
  8 hobgoblins
  3 jackals (D:1)
  9 kobolds
  2 quokkas
  2 ball pythons
  10 bats
  3 frilled lizards
  10 goblins
  A leopard gecko zombie (D:3)
  A quokka skeleton (D:4)
  7 rats
75 creatures vanquished.

Vanquished Creatures (others)
  A fungus (D:3)
  3 plants (D:3)
4 creatures vanquished.

Grand Total: 79 creatures vanquished

Notes
Turn   | Place    | Note
-------+----------+-------------------------------------------
     0 | D:1      | Partyfoot the Centaur Hunter began the quest for the Orb.
     0 | D:1      | Reached XP level 1. HP: 17/17 MP: 1/1
   286 | D:1      | Reached XP level 2. HP: 18/24 MP: 2/2
   721 | D:1      | HP: 1/25 [jackal (2)]
  1473 | D:2      | Found a white marble altar of Elyvilon.
  1474 | D:2      | Found an ornate altar of the Wu Jian Council.
  1488 | D:2      | Reached XP level 3. HP: 12/30 MP: 3/3
  1626 | D:2      | Found a stormy altar of Qazlal.
  1765 | D:2      | Reached skill level 6 in Bows
  1896 | D:2      | Found a glowing golden altar of the Shining One.
  2220 | D:2      | Reached XP level 4. HP: 34/37 MP: 4/4
  2444 | D:3      | Found a sacrificial altar of Ru.
  2931 | D:3      | Learned a level 2 spell: Blink
  3099 | D:3      | Found a runed translucent gate.
  3099 | D:3      | Noticed a big kobold
  3100 | D:3      | Found a runed translucent gate.
  3100 | D:3      | Noticed Ivan's ghost (weakling DsAK)
  3101 | D:3      | Found a runed translucent gate.
  3159 | D:3      | Reached XP level 5. HP: 45/45 MP: 5/5
  3993 | D:4      | Found Satsify's Jewellery Shoppe.
  4066 | D:4      | Found a sparkling altar of Nemelex Xobeh.
  4066 | D:4      | Found an opulent altar of Gozag.
  4067 | D:4      | Noticed Grinder
  4079 | D:4      | Slain by Grinder

Levels and vault maps discovered:
D:1:      psy_arrival_whirlpool, layout_basic
D:2:      layout_basic, overflow_temple_1_default,
          nicolae_qazlal_general_emergency, grunt_temple_overflow_open
D:3:      layout_loops_ring, nicolae_ru_great_annihilating_truth, first_ration,
          gammafunk_ghost_nasty_kobolds, serial_bayou_lagoon_a
D:4:      layout_loops_corners, grunt_temple_overflow_opulence, serial_shops,
          nicolae_shop_trees, kennysheep_mini_moat, shop, uniq_grinder

Skill      XL: |  1  2  3  4 |
---------------+-------------+-----
Dodging        | 2 |  2.8
Bows           | 6 |  6.9
Fighting       | 3 |  3.8
Stealth        | |  0.4

Action                   |  1- 3 |  4- 6 || total
-------------------------+-------+-------++-------
Melee: Short sword       |    76 |   106 ||   182
       Kick              |    15 |    18 ||    33
       Quarterstaff      |       |     5 ||     5
 Fire: Shortbow          |    55 |    49 ||   104
  Use: Scroll            |     2 |       ||     2
 Stab: Paralysed         |       |     1 ||     1
  Eat: Chunk             |     3 |     5 ||     8
Armor: Leather armour    |    67 |    46 ||   113
Dodge: Dodged            |    81 |    65 ||   146

Table legend:
 A = Non-vault XP
 B = Vault XP
 C = Vault XP percentage of total XP
 D = Non-vault monster count
 E = Vault monster count
 F = Vault count percentage of total count
                 A         B        C        D         E       F
            +---------+---------+-------+---------+---------+-------
      Total |     296 |      30 |   9.2 |      71 |       4 |   5.3
            +---------+---------+-------+---------+---------+-------
        D:1 |      37 |       0 |   0.0 |      22 |       0 |   0.0
        D:2 |      75 |       0 |   0.0 |      19 |       0 |   0.0
        D:3 |     178 |      30 |  14.4 |      27 |       4 |  12.9
        D:4 |       6 |       0 |   0.0 |       3 |       0 |   0.0
            +---------+---------+-------+---------+---------+-------
